 Dungeon Crawl Stone Soup version 0.30-a0-972-gf3ab3527aa (webtiles) character file.

Game seed: 12393738518131110460

350 gelatine the Stinger (level 6, -1/66 HPs)
             Began as a Demonspawn Venom Mage on Apr 1, 2023.
             Slain by a killer bee (6 damage)
             ... on level 4 of the Dungeon.
             The game lasted 00:11:56 (4406 turns).

gelatine the Stinger (Demonspawn Venom Mage)        Turns: 4406, Time: 00:11:56

Health: -1/66      AC: 23    Str:  4    XL:     6   Next: 34%
Magic:  9/9        EV:  2    Int: 21    God:
Gold:   59         SH:  0    Dex: 17    Spells: 4/10 levels left

rFire   + . .      SeeInvis .    l - +3 mace "Kiniywn" {drain, rElec Stlth+}
rCold   . . .      Faith    .    (no shield)
rNeg    . . .      Spirit   .    e - melded +0 leather armour
rPois   +          Reflect  .    (helmet currently unavailable)
rElec   +          Rampage  .    u - melded +0 cloak
rCorr   .          NoTele   +    (gloves currently unavailable)
Will    .....                    (boots currently unavailable)
Stlth   +++                      (no amulet)
HPRegen 0.31/turn                j - ring of protection from fire
MPRegen 0.11/turn                (no ring)

@: lethally poisoned (-1 -> -4), tree-form
A: stationary, stasis, torment immunity, boosted hp, foul stench 1, powered by
pain 2, (horns 1), agile 1, clever 1, weak 1
a: no special abilities


You were on level 4 of the Dungeon.
You were a tree.
You visited 1 branch of the dungeon, and saw 4 of its levels.

You collected 154 gold pieces.
You spent 95 gold pieces at shops.

Inventory:

Hand Weapons
 d - a +0 whip
 f - a +0 dagger
 i - a +0 rapier
 l - the +3 mace "Kiniywn" (weapon) {drain, rElec Stlth+}
   (You found it on level 2 of the Dungeon)

   rElec:     It insulates you from electricity.
   Stlth:     It makes you more stealthy.
 n - a +1 dagger of venom
Armour
 a - a +0 robe
 e - a +0 leather armour (melded)
 g - a +1 tower shield of fire resistance
 q - a +0 helmet
 u - a +0 cloak (melded)
Jewellery
 j - a ring of protection from fire (left branch)
 v - an amulet of faith
Wands
 w - a wand of flame (17)
Scrolls
 c - 2 scrolls of enchant weapon
 k - a scroll of immolation
 m - a scroll of vulnerability {unknown}
 o - 3 scrolls of teleportation
 r - 2 scrolls of fear {unknown}
 s - 2 scrolls of blinking {unknown}
 t - a scroll of torment {unknown}
 y - a scroll of acquirement {unknown}
Potions
 b - 2 potions of magic
 h - a potion of flight
 p - a potion of mutation


   Skills:
 * Level 1.8 Fighting
 + Level 0.6 Maces & Flails
 * Level 2.0 Armour
 * Level 2.7 Dodging
 + Level 2.2 Stealth
 + Level 2.6 Spellcasting
 * Level 1.0 Conjurations
 + Level 1.7 Transmutations
 * Level 0.9 Air Magic
 * Level 4.3 Poison Magic


You had 4 spell levels left.
You knew the following spells:

 Your Spells              Type           Power      Damage    Failure   Level
a - Sting                 Tmut/Pois      60%        1d6       4%          1
b - Poisonous Vapours     Pois/Air       26%        N/A       7%          2
c - Mephitic Cloud        Conj/Pois/Air  11%        N/A       17%         3

Your spell library contained the following spells:

 Spells                   Type           Power      Damage    Failure   Level
 Sandblast                Erth           4%         2d4       14%         1
 Summon Small Mammal      Summ           8%         N/A       14%         1
 Passwall                 Tmut/Erth      5%         N/A       14%         2
 Olgreb's Toxic Radiance  Pois           21%        N/A       22%         4
 Stone Arrow              Conj/Erth      10%        3d7       32%         3
 Call Canine Familiar     Summ           2%         N/A       38%         3
 Summon Guardian Golem    Hex/Summ       2%         N/A       38%         3


Dungeon Overview and Level Annotations

Branches:
Dungeon (4/15)
 Temple: D:4-7

Altars:
Wu Jian

Shops:
D:2 ?


Innate Abilities, Weirdness & Mutations

You are a tree.
Your roots penetrate the ground, keeping you stationary.
You cannot be teleported.
You are immune to unholy pain and torment.
Your maximum health is greatly increased.
Your equipment is partially melded.
You may rarely emit foul miasma when damaged in melee.
You sometimes gain power by taking damage.
((You have a pair of small horns on your head.))
You are agile. (Dex +4, Str/Int -1)
Your mind is acute. (Int +4, Str/Dex -1)
You are weak. (Str -2)


Message History

The killer bee buzzes angrily.
You hear an angry buzzing noise.
A killer bee comes into view.
A killer bee comes into view.
The killer bee moves out of view.
Items here: ))) [.
You miss the killer bee. The killer bee barely misses you.
The killer bee stings you. x2
You closely miss the killer bee. Your headbutt misses the killer bee.
The killer bee misses you. The killer bee stings you.
You are poisoned.
The killer bee poisons you! The killer bee stings you.
You are more poisoned.
The killer bee poisons you!
You hit the killer bee.
The killer bee is moderately wounded.
You feel very sick. The killer bee barely misses you.
The killer bee completely misses you.
The killer bee stings you but does no damage.
You hit the killer bee.
You headbutt the killer bee, but do no damage.
The killer bee is heavily wounded.
You feel very sick. The killer bee completely misses you.
The killer bee closely misses you.
You miss the killer bee.
The killer bee is heavily wounded.
You feel sick. The killer bee stings you!
* * * LOW HITPOINT WARNING * * *
The killer bee stings you.
* * * LOW HITPOINT WARNING * * *
The killer bee stings you!
* * * LOW HITPOINT WARNING * * *
Really quaff the potion of mutation?
Okay, then.
Really quaff the potion of lignification?
You turn into a tree.
Your +0 cloak melds into your body.
Your +0 leather armour melds into your body.
Your roots penetrate the ground.
You feel sick.
The killer bee stings you but does no damage.
The killer bee stings you.
You die...

##.########
#.#
...........
#.#
##.#######.
#.# ..<#
#.# ####
#.# #.# #)#
#.# #♣# #y#
#.# #.# ...
#.# #.# ...
...


You could see a killer bee.

Vanquished Creatures
  Sigmund (D:3)
  Jessica (D:2)
  Ijyb (D:3)
  An orc wizard (D:4)
  Robin (D:2)
  4 adders
  2 worms (D:2)
  4 orcs (D:4)
  9 endoplasms
  3 giant cockroaches
  17 goblins
  6 hobgoblins
  4 jackals (D:2)
  2 quokkas
  A ball python (D:3)
  2 bats
  A frilled lizard (D:1)
  3 kobolds
  3 rats
66 creatures vanquished.

Vanquished Creatures (others)
  A plant (D:1)
1 creature vanquished.

Grand Total: 67 creatures vanquished

Notes
Turn   | Place    | Note
-------+----------+-------------------------------------------
     0 | D:1      | gelatine the Demonspawn Venom Mage began the quest for the
                  | Orb.
     0 | D:1      | Reached XP level 1. HP: 13/13 MP: 3/3
   305 | D:1      | Gained mutation: You sometimes gain a little power by
                  | taking damage. [demonic ancestry]
   305 | D:1      | Reached XP level 2. HP: 19/19 MP: 0/5
   863 | D:1      | Found a faded altar of an unknown god.
  1535 | D:2      | HP: 1/20 [worm (10)]
  1629 | D:2      | Reached skill level 1 in Transmutations
  1644 | D:2      | Reached XP level 3. HP: 25/25 MP: 0/6
  1825 | D:2      | Found Wufiask's Magic Scroll Boutique.
  1854 | D:2      | Bought a scroll of identify for 20 gold pieces
  1854 | D:2      | Bought a scroll of enchant weapon for 75 gold pieces
  1897 | D:2      | Noticed Jessica
  1903 | D:2      | Killed Jessica
  1904 | D:2      | Reached skill level 1 in Fighting
  2047 | D:2      | Gained mutation: You may rarely emit foul miasma when
                  | damaged in melee. [demonic ancestry]
  2047 | D:2      | Reached XP level 4. HP: 28/32 MP: 1/7
  2210 | D:2      | Noticed Robin
  2240 | D:2      | Reached skill level 1 in Armour
  2323 | D:2      | Reached skill level 4 in Poison Magic
  2327 | D:2      | Identified the +3 mace "Kiniywn" {drain, rElec Stlth+}
  2390 | D:2      | Killed Robin
  2858 | D:2      | Learned a level 2 spell: Poisonous Vapours
  2862 | D:2      | Learned a level 3 spell: Mephitic Cloud
  3239 | D:3      | Noticed Sigmund
  3243 | D:3      | Gained mutation: Your mind is acute. (Int +4, Str/Dex -1)
                  | [potion of mutation]
  3243 | D:3      | Gained mutation: You are agile. (Dex +4, Str/Int -1)
                  | [potion of mutation]
  3243 | D:3      | Gained mutation: You are weak. (Str -2) [potion of
                  | mutation]
  3243 | D:3      | Gained mutation: You have a pair of small horns on your
                  | head. [potion of mutation]
  3464 | D:3      | Identified the +4 quarterstaff "Ipto" {drain, *Corrode
                  | rPois Dex+6 Stlth+}
  3543 | D:3      | Noticed Ijyb
  3612 | D:3      | Killed Ijyb
  3613 | D:3      | Gained mutation: You sometimes gain power by taking damage.
                  | [demonic ancestry]
  3613 | D:3      | Reached XP level 5. HP: 11/37 MP: 4/8
  3971 | D:3      | Killed Sigmund
  3972 | D:3      | Reached skill level 1 in Conjurations
  3972 | D:3      | Reached XP level 6. HP: 33/44 MP: 9/9
  4019 | D:3      | Found an ornate altar of the Wu Jian Council.
  4406 | D:4      | Slain by a killer bee

Illustrated notes

Levels and vault maps discovered:
D:1:      psy_arrival_statuary, layout_basic, serial_forest,
          infiniplex_forest_lined_room_2, infiniplex_forest_zigzag_1,
          infiniplex_forest_clump_tiny, infiniplex_forest_clump_cross,
          infiniplex_forest_clump_curved, infiniplex_forest_clump_small,
          ebering_ecumenical_altar_mist
D:2:      layout_basic, serial_shops,
          nicolae_shop_temple_entry_statues_fountains, uniq_robin, uniq_jessica
D:3:      layout_loops_corners, nzn_wu_jian_contemplation,
          corexii_leaking_fountain, kennysheep_nondescript,
          minmay_misc_feat_five, eino_tiny_chamber, st_stairs_5,
          kennysheep_generic_room_8, uniq_ijyb, uniq_sigmund
D:4:      layout_loops_ring, okawaru_trees_2, minmay_temple_entry_large_hall,
          small_statue_intersection

Skill      XL: |  1  2  3  4  5 |
---------------+----------------+-----
Stealth        | 2 |  2.2
Transmutations | 1 |  1.7
Fighting       | 1 |  1.8
Dodging        | 2 |  2.7
Armour         | 1 2 |  2.0
Poison Magic   | 4 |  4.3
Conjurations   | 1 |  1.0
Maces & Flails | |  0.6
Spellcasting   | |  2.6
Air Magic      | |  0.9

Action                     |  1- 3 |  4- 6 || total
---------------------------+-------+-------++-------
  Melee: Rapier            |    26 |     7 ||    33
         Unarmed           |     1 |       ||     1
         Mace              |       |    55 ||    55
         Headbutt          |       |     5 ||     5
   Cast: Sting             |    62 |    39 ||   101
         Poisonous Vapours |       |     4 ||     4
         Mephitic Cloud    |       |     1 ||     1
    Use: Scroll            |     2 |     4 ||     6
         Potion            |       |     3 ||     3
   Stab: Sleeping          |       |     2 ||     2
         Confused          |       |     1 ||     1
 Armour: Leather armour    |    12 |    15 ||    27
         Skin              |       |     1 ||     1
  Dodge: Dodged            |    22 |    42 ||    64

Table legend: (Time is in decaauts)
 A = Elapsed time spent in this place.
 B = Non-inter-level travel time spent in this place.
 C = Inter-level travel time spent in this place.
 D = Time resting spent in this place.
 E = Time spent auto-exploring this place.
 F = Levels seen in this place.
 G = Mean time per level.
                   A        B        C        D        E       F      G
               +--------+--------+--------+--------+--------+-----+--------+
         Total |   4431 |   4205 |    226 |      0 |   3535 |   4 | 1107.8 |
       Dungeon |   4431 |   4205 |    226 |      0 |   3535 |   4 | 1107.8 |
               +--------+--------+--------+--------+--------+-----+--------+

Top non-repeatable levels by time:
     D:1: 1457 daAuts
     D:2: 1440 daAuts
     D:3: 1362 daAuts
     D:4: 171 daAuts
